 Dungeon Crawl Stone Soup version 0.28-a0-21-gf74fda84f9 (webtiles) character file.

Game seed: 733787875512795681

8 ezpacito the Skirmisher (level 2, 13/24 HPs)
             Began as a Demonspawn Abyssal Knight on July 27, 2021.
             Was an Initiate of Lugonu.
             Quit the game on level 1 of the Dungeon.
             The game lasted 00:00:27 (248 turns).

ezpacito the Skirmisher (Demonspawn Abyssal Knight)  Turns: 248, Time: 00:00:27

Health: 13/24      AC:  5    Str: 12    XL:     2   Next: 0%
Magic:  3/3        EV: 10    Int: 13    God:    Lugonu [......]
Gold:   0          SH:  0    Dex: 12    Spells: 1/1 levels left

rFire   . . .      SeeInvis .   a - +1 hand axe
rCold   . . .      Faith    .   (no shield)
rNeg    . . .      Spirit   .   c - +0 ring mail
rPois   .          Reflect  .   (helmet restricted)
rElec   .          Harm     .   (no cloak)
rCorr   .          Rampage  .   (no gloves)
Will    .....                   (no boots)
Stlth   +.........              (no amulet)
HPRegen 0.08/turn               (no ring)
MPRegen 0.08/turn               (no ring)

@: no status effects
A: antennae 1
a: Renounce Religion


You were on level 1 of the Dungeon.
You worshipped Lugonu.
Lugonu was noncommittal.
You visited 1 branch of the dungeon, and saw 1 of its levels.
You visited the Abyss 1 time.

Inventory:

Hand Weapons
 a - a +1 hand axe (weapon)
Missiles
 f - 5 stones
Armour
 b - a +0 leather armour
 c - a +0 ring mail (worn)
Scrolls
 d - a scroll of noise {unknown}
 e - a scroll of enchant weapon {unknown}


   Skills:
 + Level 3.1 Fighting
 * Level 2.0 Axes
 + Level 1.8 Armour
 + Level 1.0 Dodging
 + Level 0.2 Spellcasting
 + Level 2.6 Invocations


You had one spell level left.
You didn't know any spells.
Your spell library was empty.

Dungeon Overview and Level Annotations

Branches:
Dungeon (1/15)

Altars:


Innate Abilities, Weirdness & Mutations

You have a pair of small antennae on your head.


Message History

The jackal is severely wounded.
You hit the jackal but do no damage. The jackal barely misses you.
The jackal bites you but does no damage.
There are monsters nearby!
There are monsters nearby!
There are monsters nearby!
You hit the jackal but do no damage.
The jackal is severely wounded.
You hit the jackal.
The jackal bites you but does no damage.
The jackal barely misses you.
The jackal bites you but does no damage.
You barely miss the jackal. The jackal bites you. The jackal barely misses you.
You closely miss the jackal.
The jackal bites you but does no damage.
The jackal completely misses you.
You hit the jackal.
The jackal is heavily wounded.
The jackal bites you but does no damage.
You barely miss the jackal.
The jackal is heavily wounded.
The jackal misses you. The jackal closely misses you.
You hit the jackal.
The jackal is almost dead.
The jackal barely misses you.
The jackal bites you but does no damage.
You barely miss the jackal.
The jackal is almost dead.
The jackal bites you.
You hit the jackal.
You kill the jackal!
Lugonu accepts your kill. The jackal closely misses you.
You have reached level 2!
Your demonic ancestry asserts itself...
A pair of antennae grows on your head!
You hit the jackal but do no damage.
The jackal is heavily wounded.
The jackal bites you but does no damage.
Are you sure you want to abandon this character and quit the game? (Confirm with "yes".)

#..# ##...
#..# ##.#
#..#### .#
#h....#####
#
#)#........
#.#.#.#####
#.#h#.#
#.#h# .
#.#@# .#
..#.# #
..... ##...
#..#.
##...# .. #
#..


You could see 2 jackals.

Vanquished Creatures
  A bat (D:1)
  An endoplasm (D:1)
  2 goblins (D:1)
  A jackal (D:1)
  A frilled lizard (D:1)
  A kobold (D:1)
7 creatures vanquished.

Notes
Turn   | Place    | Note
-------+----------+-------------------------------------------
     0 | Abyss:1  | ezpacito the Demonspawn Abyssal Knight began the quest for
                  | the Orb.
     0 | Abyss:1  | Reached XP level 1. HP: 18/18 MP: 2/2
    42 | Abyss:1  | Noticed a flying skull
    43 | Abyss:1  | Noticed a tentacled starspawn
    45 | D:1      | Escaped the Abyss
   229 | D:1      | Reached skill level 1 in Dodging
   247 | D:1      | Gained mutation: You have a pair of small antennae on your
                  | head. [demonic ancestry]
   247 | D:1      | Reached XP level 2. HP: 13/24 MP: 3/3
   248 | D:1      | Quit the game

Illustrated notes

Levels and vault maps discovered:
D:1:      dpeg_arrival_arbitrary_c, layout_loops_ring, serial_shops, shop

Skill      XL: |  1 |
---------------+----+-----
Dodging        | 1 |  1.0
Axes           | 2 |  2.0
Fighting       | |  3.1
Armour         | |  1.8
Spellcasting   | |  0.2
Invocations    | |  2.6

Action                   || total
-------------------------++-------
Melee: Hand axe          ||    27
Invok: Depart the Abyss  ||     1
Armor: Ring mail         ||    14
Dodge: Dodged            ||    16

Table legend: (Time is in decaauts)
 A = Elapsed time spent in this place.
 B = Non-inter-level travel time spent in this place.
 C = Inter-level travel time spent in this place.
 D = Time resting spent in this place.
 E = Time spent auto-exploring this place.
 F = Levels seen in this place.
 G = Mean time per level.
                   A        B        C        D        E       F      G
               +--------+--------+--------+--------+--------+-----+--------+
         Total |    253 |    253 |      0 |      0 |    172 |   2 |  126.5 |
       Dungeon |    208 |    208 |      0 |      0 |    155 |   1 |  208.0 |
         Abyss |     45 |     45 |      0 |      0 |     17 |   1 |   45.0 |
               +--------+--------+--------+--------+--------+-----+--------+

Top non-repeatable levels by time:
     D:1: 208 daAuts
 Abyss:1: 45 daAuts
